 Dungeon Crawl Stone Soup version 0.17.1-2-g5865329 (webtiles) character file.

245 JustSomeDude the Covered (level 5, -4/42 HPs)
             Began as a Demonspawn Fighter on Jan 17, 2016.
             Killed by divine providence
             ... invoked by an orc priest
              (9 damage)
             ... on level 4 of the Dungeon.
             The game lasted 00:07:59 (2239 turns).

JustSomeDude the Covered (Demonspawn Fighter)       Turns: 2239, Time: 00:08:00

Health: -4/42      AC: 13    Str: 23    XL:     5   Next: 83%
Magic:  5/5        EV:  6    Int:  9    God:
Gold:   163        SH:  9    Dex: 12    Spells: 0 memorised, 4 levels left

rFire  . . .     SeeInvis .     a - +0 war axe
rCold  . . .     Clarity  .     k - +0 chain mail
rNeg   . . .     SustAt   .     c - +0 shield
rPois  .         Gourm    .     i - +0 helmet
rElec  .         Spirit   .     u - +0 cloak
rCorr  .         Warding  .     (no gloves)
rMut   .         Stasis   .     (no boots)
MR     .....                    (no amulet)
Stlth  ..........               (no ring)
                                (no ring)

@: mighty, not resistant to hostile enchantments, extremely unstealthy
A: claws 1, slimy green scales 1, powered by death 1
a: no special abilities


You were on level 4 of the Dungeon.
You were not hungry.

You visited 1 branch of the dungeon, and saw 4 of its levels.

You collected 163 gold pieces.

Inventory:

Hand Weapons
 a - a +0 war axe (weapon)
Armour
 c - a +0 shield (worn)
 i - a +0 helmet (worn)
 k - a +0 chain mail (worn)
 u - a +0 cloak (worn)
Jewellery
 x - a +4 ring of dexterity {unknown}
Scrolls
 b - a scroll of amnesia {unknown}
 f - 2 scrolls of fog {unknown}
 g - a scroll of identify {unknown}
 h - 2 scrolls of enchant armour {unknown}
 j - a scroll of recharging {unknown}
 m - a scroll of enchant weapon {unknown}
 q - a scroll of remove curse {unknown}
 v - a scroll of teleportation {unknown}
Potions
 l - a potion of lignification {unknown}
 n - a potion of heal wounds {unknown}
 p - a potion of brilliance {unknown}
 r - a potion of degeneration {unknown}
 t - a potion of curing {unknown}
Books
 s - a book of Death

   Spells                             Type                      Level
   a - Corpse Rot                     Necromancy                   2
   b - Sublimation of Blood           Necromancy                   2
   c - Agony                          Necromancy                   5
   d - Dispel Undead                  Necromancy                   5
   e - Excruciating Wounds            Charms/Necromancy            5
   f - Bolt of Draining               Conjuration/Necromancy       5
Comestibles
 e - 6 bread rations
 o - a beef jerky
 w - a royal jelly
 A - 3 fruits


   Skills:
 + Level 3.8 Fighting
 + Level 2.8 Axes
 * Level 4.0 Armour
 + Level 1.5 Dodging
 + Level 3.7 Shields


You had 4 spell levels left.
You didn't know any spells.

Dungeon Overview and Level Annotations

Branches:
Dungeon (4/15)
 Temple: D:4-7

Altars:
Ashenzari
Elyvilon
Makhleb
Qazlal
Vehumet
Zin
The Shining One


Innate Abilities, Weirdness & Mutations

You have sharp fingernails.
You are partially covered in slimy green scales (AC +2).
You regenerate a little health from kills.


Message History

You hit the orc.
The orc is severely wounded.
The orc hits you with a flail.
The orc priest calls upon Beogh to heal the orc.
The orc's wounds heal themselves!
You hit the orc.
The orc is heavily wounded.
You feel less regenerative. You block the orc's attack.
The orc priest mumbles some strange prayers to Beogh against you.
Something smites you!
* * * LOW HITPOINT WARNING * * *
You closely miss the orc.
The orc is heavily wounded.
You block the orc's attack.
You barely miss the orc.
The orc is heavily wounded.
The orc priest mumbles some strange prayers to Beogh against you.
Something smites you!
You die...

#.######..(...[
###...).(.^......
#.....####.######
#.....####.######
#..............##
########.....####.###.##
#...............#.# #.##
##.######...####.#.###.##
#....ooo@..## #.#.......
#..######### #.#####.#.
#>.# #.# #...
######..###### #.#####.#.
#.........(..# #........#
#.####..####.# #.#####.##
#.# #...# #.# ####.# ###
#.# ##..# #.#####....####
#.# #..# #.............#


You could see an orc priest and 2 orcs.

Vanquished Creatures
  A centaur (D:4)
  A crimson imp (D:3)
  2 worker ants (D:4)
  An adder (D:3)
  An ooze (D:1)
  A worm (D:3)
  A giant gecko (D:2)
  9 orcs
  4 bats
  2 giant cockroaches
  7 goblins
  6 hobgoblins
  9 kobolds
  2 ball pythons (D:3)
  4 giant newts
  7 jackals
  6 rats
  A plant (D:1)
65 creatures vanquished.

Vanquished Creatures (others)
  A plant (D:1)
1 creature vanquished.

Grand Total: 66 creatures vanquished

Notes
Turn   | Place    | Note
--------------------------------------------------------------
     0 | D:1      | JustSomeDude the Demonspawn Fighter began the quest for the Orb.
     0 | D:1      | Reached XP level 1. HP: 18/18 MP: 1/1
   399 | D:1      | Gained mutation: You regenerate a little health from kills. [demonic ancestry]
   399 | D:1      | Reached XP level 2. HP: 14/24 MP: 2/2
   704 | D:1      | Gained mutation: You are partially covered in slimy green scales (AC +2). [demonic ancestry]
   704 | D:1      | Reached XP level 3. HP: 24/29 MP: 3/3
  1110 | D:2      | Reached skill level 1 in Dodging
  1472 | D:3      | Noticed an earth elemental
  1473 | D:3      | Found a stormy altar of Qazlal.
  1475 | D:3      | Noticed a fire elemental
  1484 | D:3      | Noticed an air elemental
  1484 | D:3      | Noticed a water elemental
  1566 | D:3      | Reached XP level 4. HP: 35/35 MP: 4/4
  1657 | D:3      | Found a radiant altar of Vehumet.
  1658 | D:3      | Found a burning altar of Makhleb.
  1701 | D:3      | Found a glowing golden altar of the Shining One.
  1701 | D:3      | Found a white marble altar of Elyvilon.
  1833 | D:3      | Found a glowing silver altar of Zin.
  1872 | D:3      | Found a shattered altar of Ashenzari.
  2046 | D:4      | Gained mutation: You have sharp fingernails. [demonic ancestry]
  2046 | D:4      | Reached XP level 5. HP: 28/41 MP: 5/5
  2194 | D:4      | Noticed a centaur
  2205 | D:4      | Killed a centaur
  2205 | D:4      | Reached skill level 4 in Armour
  2239 | D:4      | Killed from afar by an orc priest

Action                   |  1- 3 |  4- 6 || total
-------------------------+-------+-------++-------
Melee: War axe           |   193 |    71 ||   264
  Use: Potion            |       |     1 ||     1
  Eat: Chunk             |     3 |     2 ||     5
